 Dungeon Sprint DCSS version 0.23.2-30-g0e89c35649 (webtiles) character file.

Game seed: 3490465129673107364

32 HASTUR3 the Insei (level 3, -2/29 HPs)
             Began as a Demonspawn Monk on June 21, 2019.
             Slain by a water elemental (16 damage)
             ... in the Dungeon (Sprint III: "The Ten Rune Challenge").
             The game lasted 00:01:58 (398 turns).

HASTUR3 the Insei (Demonspawn Monk)                  Turns: 398, Time: 00:01:58

Health: -2/29      AC:  2    Str: 14    XL:     3   Next: 10%
Magic:  3/3        EV: 13    Int: 11    God:
Gold:   23         SH:  0    Dex: 15    Spells: 2/2 levels left

rFire    . . .     SeeInvis .     - Unarmed
rCold    . . .     Gourm    .   (no shield)
rNeg     . . .     Faith    .   a - +0 robe
rPois    .         Spirit   .   (no helmet)
rElec    .         Reflect  .   (no cloak)
rCorr    .         Harm     .   (no gloves)
MR       .....     Rnd*Rage +   (no boots) Stlth ++........NoTele +
                                (no amulet)
HPRegen  0.09/turn              (no ring)
MPRegen  0.08/turn              (no ring)

@: hasted, very quick
A: talons 1, berserk 1, blink, strong 1
a: Blink


You were in the Dungeon.
You were not hungry.

You visited 1 branch You collected 23 gold pieces.

Inventory:

Armour
 a - a +0 robe (worn)
Scrolls
 g - a scroll of holy word {unknown}
 h - 2 scrolls of blinking
 k - a scroll of immolation {unknown}
 l - a scroll of remove curse {unknown}
 n - a scroll of torment {unknown}
 o - 2 scrolls of identify {unknown}
Potions
 c - a potion of curing
 d - a potion of heal wounds
 f - 2 potions of magic
 i - a potion of invisibility {unknown}
 m - 2 potions of flight
 p - a potion of might {unknown}
Comestibles
 b - 3 rations


   Skills:
 - Level 3.0 Fighting
 - Level 2.6 Dodging
 - Level 1.7 Stealth
 + Level 6.3 Unarmed Combat


You had 2 spell levels left.
You didn't know any spells.
Your spell library was empty.

Dungeon Overview and Level Annotations

Branches:
Dungeon (1/1)

Altars:


Innate Abilities, Weirdness & Mutations

You have sharp toenails.
You tend to lose your temper in combat.
You can translocate small distances at will.
Your muscles are strong. (Str +2)


Message History

You claw the water elemental, but do no damage.
The water elemental is moderately damaged.
You punch the water elemental!
You claw the water elemental, but do no damage.
The water elemental is severely damaged.
The water elemental hits you!
The water elemental engulfs you in water!
You punch the water elemental!
The water elemental is almost destroyed.
Your lungs strain for air!
You slip free of the water engulfing you.
You gasp with relief as air once again reaches your lungs.
You barely miss the water elemental.
The water elemental is almost destroyed.
You hit the water elemental but do no damage.
You claw the water elemental, but do no damage.
The water elemental is almost destroyed.
The water elemental hits you!
Ouch! That really hurt!
You die...

▓▓▓▓▓▓▓▓▓ ▓▓▓
▓<..#...#### ##.#
▓...#......#####..#
▓..##.....÷.#..#..#
▓##.##.##...#..#..# #+#+#
##.##.###÷.##'#..#......,
▓#.####.##..###.@E'.⌠....
▓.###..##..####...#...###
▓#.....##..###....# ⌠.#_
###..##...##.....#, .#
##..##....#......# #
#..###..##.#.....# #..#
#.. ####....# ▓▓▓▓ ▓▓▓
▓▓▓▓▓▓ * *


You could see a water elemental.

Vanquished Creatures
  A human (D)
  2 oozes (D)
  A phantom (D)
  2 rats (D)
6 creatures vanquished.

Vanquished Creatures (others)
  2 draconian scorchers (D)
  6 hellions (D)
  2 yaktaurs (D)
  2 plants (D)
12 creatures vanquished.

Grand Total: 18 creatures vanquished

Notes
Turn   | Place    | Note
-------+----------+-------------------------------------------
     0 | D        | HASTUR3 the Demonspawn Monk began the quest for the Orb.
     0 | D        | Reached XP level 1. HP: 18/18 MP: 1/1
    16 | D        | Reached skill level 4 in Unarmed Combat
    23 | D        | Gained mutation: You have sharp toenails. [demonic
                  | ancestry]
    23 | D        | Reached XP level 2. HP: 15/24 MP: 2/2
    38 | D        | Killed a yaktaur
   100 | D        | Killed a hellion
   101 | D        | Killed a hellion
   114 | D        | Killed a hellion
   114 | D        | Killed a hellion
   114 | D        | Killed a hellion
   146 | D        | Reached skill level 5 in Unarmed Combat
   153 | D        | Reached skill level 6 in Unarmed Combat
   153 | D        | Reached XP level 3. HP: 10/29 MP: 3/3
   156 | D        | Killed a white draconian scorcher
   157 | D        | Killed a white draconian scorcher
   175 | D        | Gained mutation: Your spells are a little harder to cast,
                  | but a little more powerful. [potion of mutation]
   175 | D        | Gained mutation: You possess an exceptional clarity of
                  | mind. [potion of mutation]
   176 | D        | Lost mutation: Your spells are a little harder to cast, but
                  | a little more powerful. [potion of mutation]
   176 | D        | Lost mutation: You possess an exceptional clarity of mind.
                  | [potion of mutation]
   176 | D        | Gained mutation: Your flesh is heat resistant. (rF+)
                  | [potion of mutation]
   176 | D        | Gained mutation: You expend magic power (3 MP) to
                  | strengthen your wands. [potion of mutation]
   176 | D        | Gained mutation: Your spells are a little harder to cast,
                  | but a little more powerful. [potion of mutation]
   177 | D        | Lost mutation: Your spells are a little harder to cast, but
                  | a little more powerful. [potion of mutation]
   177 | D        | Lost mutation: Your flesh is heat resistant. (rF+) [potion
                  | of mutation]
   177 | D        | Gained mutation: You have a pair of small horns on your
                  | head. [potion of mutation]
   177 | D        | Gained mutation: You are dopey. (Int -2) [potion of
                  | mutation]
   177 | D        | Gained mutation: You are frail. (-10% HP) [potion of
                  | mutation]
   177 | D        | Gained mutation: You passively map a small area around you.
                  | [potion of mutation]
   178 | D        | Lost mutation: You have a pair of small horns on your head.
                  | [potion of mutation]
   178 | D        | Lost mutation: You are frail. (-10% HP) [potion of
                  | mutation]
   178 | D        | Lost mutation: You passively map a small area around you.
                  | [potion of mutation]
   178 | D        | Lost mutation: You expend magic power (3 MP) to strengthen
                  | your wands. [potion of mutation]
   178 | D        | Gained mutation: Your system is resistant to poisons.
                  | (rPois) [potion of mutation]
   178 | D        | Gained mutation: You are resistant to hostile enchantments.
                  | (MR+) [potion of mutation]
   179 | D        | Lost mutation: You are resistant to hostile enchantments.
                  | (MR+) [potion of mutation]
   179 | D        | Lost mutation: Your system is resistant to poisons. (rPois)
                  | [potion of mutation]
   179 | D        | Lost mutation: You are dopey. (Int -2) [potion of mutation]
   179 | D        | Gained mutation: Your muscles are strong. (Str +2) [potion
                  | of mutation]
   179 | D        | Gained mutation: You tend to lose your temper in combat.
                  | [potion of mutation]
   179 | D        | Gained mutation: You can translocate small distances at
                  | will. [potion of mutation]
   241 | D        | Killed a hellion
   243 | D        | Killed a yaktaur
   390 | D        | Noticed a water elemental
   398 | D        | Slain by a water elemental

Skill      XL: |  1  2 |
---------------+-------+-----
Unarmed Combat | 4 6 |  6.3
Fighting       | |  3.0
Dodging        | |  2.6
Stealth        | |  1.7

Action                   || total
-------------------------++-------
Melee: Unarmed           ||    29
       Kick              ||     7
       Punch             ||     1
  Use: Potion            ||     7
 Stab: Sleeping          ||     1
Dodge: Dodged            ||    13
